 Dungeon Crawl Stone Soup version 0.24-a0-284-g9fb9971df1 (webtiles) character file.

Game seed: 8263302102669722296

820 HAL9000 the Vexing (level 7, 0/32 HPs)
             Began as a Vine Stalker Enchanter on May 4, 2019.
             Killed from afar by an orc wizard (6 damage)
             ... with a puff of flame
             ... on level 4 of the Dungeon.
             The game lasted 00:10:54 (4678 turns).

HAL9000 the Vexing (Vine Stalker Enchanter)         Turns: 4678, Time: 00:10:55

Health: 0/32       AC:  5    Str: 12    XL:     7   Next: 95%
Magic:  0/11       EV: 11    Int: 16    God:
Gold:   218        SH:  0    Dex: 14    Spells: 4/10 levels left

rFire    . . .     SeeInvis .   q - +0 dagger (curse)
rCold    . . .     Gourm    .   (no shield)
rNeg     . . .     Faith    .   e - +1 leather armour {MR+}
rPois    .         Spirit   +   (no helmet)
rElec    .         Reflect  .   o - +0 cloak
rCorr    .         Harm     .   (no gloves)
MR       +....                  (no boots)
Stlth    +++.......             (no amulet)
HPRegen  0.50/turn              p - ring of stealth
MPRegen  0.12/turn              (no ring)

@: no status effects
A: fangs 2, regeneration 1, magic shield, antimagic bite, no potion heal 3, rot
immunity
a: no special abilities


You were on level 4 of the Dungeon.
You were hungry.

You visited 2 branches of the dungeon, and saw 6 of its levels.

You collected 218 gold pieces.

Inventory:

Hand Weapons
 l - a +2 rapier of flaming
 q - a cursed +0 dagger (weapon)
 r - a +2 dagger
Missiles
 n - 13 tomahawks (quivered)
 s - 6 javelins
Armour
 b - a +0 robe
 e - a +1 leather armour of magic resistance (worn)
 o - a +0 cloak (worn)
Jewellery
 p - a ring of stealth (left hand)
Scrolls
 c - a scroll of blinking
 f - a scroll of magic mapping
 i - a scroll of fear
Potions
 g - a potion of flight
 j - a potion of cancellation {unknown}
 k - a potion of mutation
 m - a potion of magic
 t - 2 potions of curing {unknown}
Comestibles
 d - 6 rations


   Skills:
 + Level 5.9 Short Blades
 - Level 1.5 Dodging
 - Level 3.6 Stealth
 - Level 2.1 Spellcasting
 + Level 6.3 Hexes


You had 4 spell levels left.
You knew the following spells:

 Your Spells              Type           Power        Failure   Level  Hunger
a - Corona                Hex            ###....      1%          1    #......
b - Ensorcelled Hibernat  Hex/Ice        ##....       11%         2    ###....
c - Confuse               Hex            ###.....     6%          3    ###....

Your spell library contained the following spells:

 Spells                   Type           Power        Failure   Level  Hunger
 Tukima's Dance           Hex            ###.....     6%          3    ###....
 Dazzling Spray           Conj/Hex       ##....       22%         3    ###....


Dungeon Overview and Level Annotations

Branches:
Dungeon (5/15)             Temple (1/1) D:4

Altars:
Ashenzari
Elyvilon
Fedhas
Hepliaklqana
Kikubaaqudgha
Makhleb
Nemelex Xobeh
Ru
Sif Muna
Trog
Uskayaw
Vehumet
Wu Jian
Xom
Yredelemnul
Zin
The Shining One

Annotations:
D:2 exclusion: oklob plant
D:3 3 runed translucent doors, Redear's ghost, amateur OpTm


Innate Abilities, Weirdness & Mutations

You have extremely sharp teeth.
Your natural rate of healing is unusually fast.
When hurt, damage is shared between your health and your magic reserves.
Your bite disrupts and absorbs the magic of your enemies.
Potions cannot restore your health.
You are immune to rotting.


Message History

The orc hits you with a +0 whip.
* * * LOW HITPOINT WARNING * * *
Something hits you.
* * * LOW HITPOINT WARNING * * *
You barely miss the orc.
The orc is severely wounded.
The orc hits you but does no damage.
Casting: Confuse (safe; 6% risk of failure)
Confirm with . or Enter, or press ? or * to list all spells.
Aiming: Confuse (safe; 6% risk of failure)
Press: ? - help, Shift-Dir - straight line, f - orc
Aim: an orc, wielding a +0 whip and wearing a +0 chain mail (severely wounded, chance to defeat MR: 69%)
The orc appears confused.
Something hits you but does no damage. The orc misses you.
You hit the orc. You bite the orc, but do no damage.
The orc is almost dead.
You hear some strange, mumbled words.
A puff of flame appears from out of thin air!
The puff of flame hits you.
You die...

###..........#
#.#
....###.#.#..#
#.#
....#.....#.##
#.#
#...#.#.###.#
#.#
##....#.#...#
#.#
#..###.###.#
#.#
###.(..(....#
#<#
....###.#####
#{# ##.......#
#@# #####...#
#o#
#######..###
#.#
.....###...#
#.# .....#
#...#####.#
.....#
###.....#.#
.....#
#####...#
.....# #####
######


You could see an orc (confused).

Vanquished Creatures
  Duvessa (D:4)
  An ogre (D:4)
  Dowan (D:4)
  A scorpion (D:4)
  A wight (D:5)
  A hound (D:4)
  3 orc priests
  2 bullfrog skeletons
  An orc wizard (D:3)
  4 worker ants
  6 adders
  2 oozes (D:1)
  An adder zombie (D:5)
  An adder skeleton (D:4)
  A worm (D:2)
  3 dart slugs
  3 leopard geckos
  22 orcs
  4 bat skeletons (D:2)
  2 bat zombies (D:2)
  5 giant cockroaches
  3 goblins
  9 hobgoblins
  3 jackals (D:3)
  A ball python (D:5)
  5 bats
  6 frilled lizards
  A jackal skeleton (D:5)
  6 kobolds
  A leopard gecko zombie (D:5)
  A quokka skeleton (D:4)
  6 rats
108 creatures vanquished.

Notes
Turn   | Place    | Note
-------+----------+-------------------------------------------
     0 | D:1      | HAL9000 the Vine Stalker Enchanter began the quest for the
                  | Orb.
     0 | D:1      | Reached XP level 1. HP: 9/9 MP: 4/4
   196 | D:1      | Reached skill level 1 in Short Blades
   196 | D:1      | Reached XP level 2. HP: 13/13 MP: 6/6
   256 | D:1      | Learned a level 2 spell: Ensorcelled Hibernation
  1030 | D:2      | Reached skill level 4 in Hexes
  1030 | D:2      | Reached XP level 3. HP: 16/16 MP: 7/7
  1141 | D:2      | Learned a level 3 spell: Confuse
  1180 | D:2      | Gained mutation: Your natural rate of healing is unusually
                  | fast. [Vine Stalker growth]
  1180 | D:2      | Reached XP level 4. HP: 19/21 MP: 6/8
  1271 | D:2      | Found an ancient bone altar of Kikubaaqudgha.
  1365 | D:2      | Found a blossoming altar of Fedhas.
  1376 | D:2      | Noticed an oklob plant
  1784 | D:2      | Found a shimmering altar of Xom.
  1925 | D:3      | Found a basalt altar of Yredelemnul.
  2204 | D:3      | Reached XP level 5. HP: 18/24 MP: 7/9
  2661 | D:3      | Reached XP level 6. HP: 28/28 MP: 10/10
  2689 | D:3      | Found a runed translucent gate.
  2693 | D:3      | Found a runed translucent gate.
  2694 | D:3      | Found a runed translucent gate.
  2694 | D:3      | Noticed Redear's ghost (amateur OpTm)
  2857 | D:3      | Reached skill level 5 in Hexes
  2874 | D:3      | Found an ornate altar of the Wu Jian Council.
  3024 | D:4      | Reached XP level 7. HP: 31/32 MP: 7/11
  3219 | D:4      | Noticed Duvessa
  3219 | D:4      | Noticed Dowan
  3266 | D:4      | Reached skill level 5 in Short Blades
  3506 | D:4      | Found a staircase to the Ecumenical Temple.
  3517 | Temple   | Entered the Ecumenical Temple
  3623 | D:4      | Found a deep blue altar of Sif Muna.
  3768 | D:4      | Killed Duvessa
  3873 | D:4      | Killed Dowan
  3873 | D:4      | Reached skill level 6 in Hexes
  4024 | D:4      | Found a burning altar of Makhleb.
  4113 | D:5      | Entered Level 5 of the Dungeon
  4678 | D:4      | Killed from afar by an orc wizard

Levels and vault maps discovered:
D:1:      wander_arrival_chamber, layout_loops_corners
D:2:      layout_basic, kennysheep_vampire_church, overflow_temple_1_default,
          first_ration, tgw_fedhas
D:3:      layout_rooms, lemuel_crystal_altar, lemuel_doored_altar,
          ebering_ghost_rock_garden
D:4:      layout_rooms, led_sif_pool, overflow_temple_1_default, temple_hall,
          minmay_misc_feat_roman, kennysheep_dice, uniq_duvessa
D:5:      layout_cave_pods, minmay_manual_mail
Temple:   zaba_magenta_temple

Skill      XL: |  1  2  3  4  5  6  7 |
---------------+----------------------+-----
Short Blades   | 1 2 3 4 5 |  5.9
Hexes          | 4 5 6 |  6.3
Dodging        | |  1.5
Stealth        | |  3.6
Spellcasting   | |  2.1

Action                   |  1- 3 |  4- 6 |  7- 9 || total
-------------------------+-------+-------+-------++-------
Melee: Dagger            |    51 |   252 |   155 ||   458
       Bite              |     7 |    55 |    40 ||   102
 Cast: Corona            |     2 |       |       ||     2
       Ensorcelled Hiber |     2 |     7 |       ||     9
       Confuse           |       |     8 |    20 ||    28
  Use: Scroll            |       |     5 |     4 ||     9
 Stab: Sleeping          |    11 |    10 |     6 ||    27
       Confused          |       |     5 |     7 ||    12
  Eat: Chunk             |     1 |     8 |     7 ||    16
Armor: Robe              |     5 |       |       ||     5
       Leather armour    |     7 |    65 |    28 ||   100
Dodge: Dodged            |    24 |   131 |    77 ||   232

Table legend:
 A = Non-vault XP
 B = Vault XP
 C = Vault XP percentage of total XP
 D = Non-vault monster count
 E = Vault monster count
 F = Vault count percentage of total count
                 A         B        C        D         E       F
            +---------+---------+-------+---------+---------+-------
      Total |     924 |     248 |  21.2 |      98 |      10 |   9.3
            +---------+---------+-------+---------+---------+-------
        D:1 |      33 |       0 |   0.0 |      16 |       0 |   0.0
        D:2 |     145 |      12 |   7.6 |      22 |       6 |  21.4
        D:3 |     184 |       0 |   0.0 |      31 |       0 |   0.0
        D:4 |     400 |     235 |  37.0 |      21 |       3 |  12.5
        D:5 |     162 |       1 |   0.6 |       8 |       1 |  11.1
            +---------+---------+-------+---------+---------+-------
